cohdb
Replays
Latest Replays
All Replays
Popular Replays
Top Player Replays
Match Explorer
How It Works
Community
CoH3 Stats
Reddit
Sign in to upload your games and track your stats! →
Sign in with Steam
Match 42802643
Unlisted
Match 42802643
Overview
Messages
Build Orders
End
Construct Barracks
Selects Armored Battlegroup
Riflemen Squad
Riflemen Squad
Selects Veteran Crews
Riflemen Squad
Construct Weapon Support Center
Bazooka Squad
Construct Medical Station
Engineer Squad
Mechanized Support Center
Bazooka Squad
M1919 Machine Gun Team
M3 Armored Personnel Carrier
Selects Field Repairs
Selects Fast Deploy
Grenade Package
M1918 Browning Automatic Rifles
M3 Armored Personnel Carrier
Mrs Bean
Willaguy
0
0
Comments
sign in to comment!
No comments posted yet!